 Dungeon Crawl Stone Soup version 0.31-a0-1309-gbf3fed316f (webtiles) character file.

Game seed: 4464677041936280997

98 Ajdolov the Changeling (level 4, -3/22 HPs)
             Began as a Felid Shapeshifter on Dec 20, 2023.
             Killed from afar by Natasha (7 damage)
             ... with a magic dart
             ... on level 2 of the Dungeon.
             The game lasted 00:03:23 (1206 turns).

Ajdolov the Changeling (Felid Shapeshifter)         Turns: 1206, Time: 00:03:23

Health: -3/22      AC:  1    Str: 10    XL:     4   Next: 43%
Magic:  5/5        EV: 17    Int: 13    God:
Gold:   89         SH:  0    Dex: 18    Spells: 3/3 levels left
                                        Lives:  0   Deaths: 2

rFire   . .          .
                       - Unarmed
rCold   . . .        (shield unavailable)
rNeg    . . .        (body armour unavailable)
rPois   .            (helmet unavailable)
rElec   .            (cloak unavailable)
rCorr   .            (gloves unavailable)
SInv    +            (boots unavailable)
Will    .....        (no amulet)
Stlth   ++           (no ring)
HPRegen 0.23/turn    (no ring)
MPRegen 0.09/turn

%: no passive effects
@: beast-form, slowed, very slow
A: beast (slay +2), very small, claws 1, fangs 3, see invisible, shaggy fur 1,
stealthy paws, no weapons or thrown items, no armour, multi-lived
a: Begin Untransformation


You were on level 2 of the Dungeon.
You were a hulking beast.
You visited 1 branch of the dungeon, and saw 2 of its levels.

You collected 89 gold pieces.

Inventory:

Talismans
 b - a beast talisman
 c - a flux talisman
Scrolls
 d - 2 scrolls of immolation {unknown}
 f - a scroll of identify {unknown}
 g - a scroll of vulnerability {unknown}
 h - a scroll of enchant weapon {unknown}
 j - a scroll of blinking {unknown}
 k - a scroll of poison {unknown}
Potions
 a - a potion of lignification
 e - 2 potions of curing {unknown}
 i - a potion of ambrosia {unknown}
 l - a potion of attraction {unknown}
 m - a potion of might {unknown}
 n - a potion of mutation {unknown}


   Skills:
 - Level 1.0 Fighting
 - Level 2.6 Dodging
 - Level 3.0 Unarmed Combat
 * Level 4.5 Shapeshifting


You had 3 spell levels left.
You didn't know any spells.
Your spell library contained the following spells:

 Spells                   Type           Power      Damage    Failure   Level
 Blink                    Tloc           0%         N/A       43%         2
 Lesser Beckoning         Tloc           0%         N/A       43%         2
 Momentum Strike          Conj/Tloc      0%         3d8       43%         2
 Leda's Liquefaction      Tmut/Erth      0%         N/A       97%         4
 Lee's Rapid Deconstruct  Erth           0%         3d4*      100%        5
 Bombard                  Conj/Erth      0%         9d1       100%        6


Dungeon Overview and Level Annotations

Branches:
Dungeon (2/15)

Altars:
Xom

Annotations:
D:2 Natasha, Terence


Innate Abilities, Weirdness & Mutations

You are a hulking beast.
Your limbs bulge with bestial killing power. (Slay +2)
You have sharp claws.
You have razor-sharp teeth.
You have supernaturally acute eyesight. (SInv)
You are covered in fur. (AC +1)
Your paws help you pounce on unaware monsters.
You are incapable of wielding weapons or throwing items.
You cannot wear armour.
You gain extra lives every three experience levels.


Message History

Natasha mumbles some strange words.
Things that are here:
a +0 dagger of venom; an adder skeleton; a rat skeleton Terence attacks as he pursues you!
Terence barely misses you.
Natasha mumbles some strange words.
Terence attacks as he pursues you! Terence closely misses you.
Terence attacks as he pursues you! Terence misses you.
Terence attacks as he pursues you! Terence closely misses you.
The cerulean imp attacks as it pursues you!
The cerulean imp misses you.
The cerulean imp attacks as it pursues you!
The cerulean imp hits you from afar with a +1 spear. x2
Natasha wildly gestures.
You feel disoriented. Terence misses you.
The cerulean imp attacks as it pursues you!
The cerulean imp closely misses you. The cerulean imp completely misses you.
The cerulean imp attacks as it pursues you!
The cerulean imp hits you from afar with a +1 spear.
Natasha stares at you and mumbles some strange words.
You feel yourself slow down.
The cerulean imp attacks as it pursues you!
The cerulean imp closely misses you.
The cerulean imp disappears in a puff of smoke!
The cerulean imp hits you from afar with a +1 spear.
Terence attacks as he pursues you! Terence barely misses you.
Natasha howls an incantation.
Natasha's front paws start to glow.
Natasha mumbles some strange words.
The cerulean imp hits you from afar with a +1 spear.
* * * LOW HITPOINT WARNING * * *
Terence closely misses you. Terence attacks as he pursues you!
Terence closely misses you. The cerulean imp barely misses you.
The cerulean imp disappears in a puff of smoke!
Natasha casts a spell at you. The magic dart hits you!
You die...
Natasha begins licking her fur clean.

##..###.#### ..### #.# ### ##.##
#...# #...# ## #...# .# #...# #
.#####...#########.##
......§.....h§..h...#
............5@..##..# ####++###
...........5[...##..# #.#.....#
.#####...#####..#[..###.#<<<..###
## #...# ................###.
#$..# .###........#.##.# #. #...#
#. #........#>##.# #. #...###.#
#..........@..# ## ####......#
#...@....#.##.####


You could see Terence, Natasha and 2 cerulean imps.

Vanquished Creatures
  Natasha (D:2)
  2 adders (D:2)
  A worm (D:2)
  A dart slug (D:2)
  7 ball pythons
  5 endoplasms
  3 giant cockroaches (D:1)
  2 hobgoblins (D:1)
  5 kobolds (D:1)
  4 quokkas
  4 frilled lizards
  7 goblins
  6 rats
48 creatures vanquished.

Notes
Turn   | Place    | Note
-------+----------+-------------------------------------------
     0 | D:1      | Ajdolov the Felid Shapeshifter began the quest for the Orb.
     0 | D:1      | Reached XP level 1. HP: 10/10 MP: 2/2
   143 | D:1      | Reached skill level 3 in Shapeshifting
   171 | D:1      | Reached XP level 2. HP: 12/14 MP: 3/3
   431 | D:1      | Found a faded altar of an unknown god.
   475 | D:1      | Reached XP level 3. HP: 17/18 MP: 4/4
   754 | D:2      | Noticed Terence
   842 | D:2      | Slain by Terence
   865 | D:2      | Reached skill level 4 in Shapeshifting
  1004 | D:2      | Found a shimmering altar of Xom.
  1008 | D:2      | Noticed Natasha
  1028 | D:2      | Reached XP level 4. HP: 14/22 MP: 5/5
  1030 | D:2      | Killed Natasha
  1152 | D:2      | Noticed Natasha
  1166 | D:2      | Slain by Terence
  1206 | D:2      | Killed from afar by Natasha

Illustrated notes

Levels and vault maps discovered:
D:1:      psy_arrival_basics, layout_rooms,
          hellmonk_ecumenical_altar_arch_garden, minmay_heptomino_d4
D:2:      layout_loops_cross, basic_altar, kennysheep_generic_room_7,
          uniq_terence, uniq_natasha

Skill      XL: |  1  2  3 |
---------------+----------+-----
Shapeshifting  | 3 4 |  4.5
Fighting       | |  1.0
Dodging        | |  2.6
Unarmed Combat | |  3.0

Action                     |  1- 3 |  4- 6 || total
---------------------------+-------+-------++-------
  Melee: Unarmed           |   109 |    14 ||   123
         Punch             |     1 |       ||     1
         Bite              |     6 |     1 ||     7
   Stab: Sleeping          |     4 |       ||     4
 Armour: Skin              |    35 |    15 ||    50
  Dodge: Dodged            |    83 |    29 ||   112

Table legend: (Time is in decaauts)
 A = Elapsed time spent in this place.
 B = Non-inter-level travel time spent in this place.
 C = Inter-level travel time spent in this place.
 D = Time resting spent in this place.
 E = Time spent auto-exploring this place.
 F = Levels seen in this place.
 G = Mean time per level.
                   A        B        C        D        E       F      G
               +--------+--------+--------+--------+--------+-----+--------+
         Total |   1201 |   1189 |     12 |      0 |    747 |   2 |  600.5 |
       Dungeon |   1201 |   1189 |     12 |      0 |    747 |   2 |  600.5 |
               +--------+--------+--------+--------+--------+-----+--------+

Top non-repeatable levels by time:
     D:1: 693 daAuts
     D:2: 508 daAuts
